 Dungeon Crawl Stone Soup version 0.21-a0-2-ge494091 (webtiles) character file.

143 Lexie the Firebug (level 5, -2/31 HPs)
             Began as an Octopode Fire Elementalist on May 22, 2017.
             Slain by a sky beast (6 damage)
             ... on level 3 of the Dungeon.
             The game lasted 00:04:46 (3826 turns).

Lexie the Firebug (Octopode Fire Elementalist)      Turns: 3826, Time: 00:04:46

Health: -2/31      AC:  1    Str:  8    XL:     5   Next: 25%
Magic:  5/9        EV: 12    Int: 18    God:
Gold:   131        SH:  0    Dex: 12    Spells: 0/10 levels left

rFire    . . .     SeeInvis .   c - +0 dagger
rCold    + . .     Gourm    .   (no shield)
rNeg     . . .     Faith    .   (helmet restricted)
rPois    .         Spirit   .   t - amulet of rage
rElec    .         Reflect  .   d - ring of protection from cold
rCorr    .         Harm     .   (no ring)
MR       .....                  (no ring)
Stlth    +++.......             (no ring)
Regen    0.1/turn               (no ring)
MPRegen  0.2/turn               (no ring)
                                (no ring)
                                (no ring)

@: very slightly contaminated, heavily drained
A: almost no armour, stealthy swim, amphibious, 8 rings, constrict 8, camouflage
1, gelatinous body 1
a: Evoke Berserk Rage


You were on level 3 of the Dungeon.
You were not hungry.

You visited 1 branch of the dungeon, and saw 3 of its levels.

You collected 131 gold pieces.

Inventory:

Hand Weapons
 c - a +0 dagger (weapon)
Jewellery
 d - a ring of protection from cold (left tentacle)
 k - an uncursed amulet of harm
 t - an amulet of rage (around mantle)
Wands
 q - a wand of scattershot (4/9)
Scrolls
 e - 4 scrolls of identify {unknown}
 h - a scroll of amnesia {unknown}
 j - 2 scrolls of remove curse {unknown}
 l - a scroll of noise {unknown}
 m - a scroll of fog {unknown}
 p - a scroll of teleportation {unknown}
 r - a scroll of magic mapping {unknown}
Potions
 i - a potion of heal wounds {unknown}
 n - a potion of cancellation {unknown}
 o - a potion of berserk rage {unknown}
 s - 3 potions of curing {unknown}
 v - a potion of brilliance {unknown}
Books
 a - a book of Flames

   Spells                             Type                      Level
   a - Flame Tongue                   Conjuration/Fire             1
   b - Throw Flame                    Conjuration/Fire             2
   c - Conjure Flame                  Conjuration/Fire             3
   d - Inner Flame                    Hexes/Fire                   3
   e - Sticky Flame                   Conjuration/Fire             4
   f - Fireball                       Conjuration/Fire             5
Comestibles
 b - 2 bread rations
 f - 2 royal jellies
 g - a meat ration
 u - 2 chunks of flesh


   Skills:
 - Level 2.0(0.7) Dodging
 - Level 2.6(1.3) Stealth
 + Level 3.0(1.7) Spellcasting
 + Level 2.9(1.6) Conjurations
 + Level 4.2(2.8) Fire Magic


You couldn't memorise any spells.
You knew the following spells:

 Your Spells              Type           Power        Failure   Level  Hunger
a - Flame Tongue          Conj/Fire      #....        8%          1    #......
b - Throw Flame           Conj/Fire      #.....       11%         2    ###....
c - Conjure Flame         Conj/Fire      #.......     22%         3    ###....
d - Sticky Flame          Conj/Fire      #.......     58%         4    #####..


Dungeon Overview and Level Annotations

Branches:
Dungeon (3/15)

Altars:
Fedhas


Innate Abilities, Weirdness & Mutations

You cannot wear most types of armour.
You are very stealthy in the water. (Stealth+)
You are amphibious.
You can wear up to eight rings at the same time.
You can use your tentacles to constrict eight enemies at once.
Your skin changes colour to match your surroundings (Stealth+).
Your rubbery body absorbs attacks. (AC +1, EV +1)


Message History

Okay, then.
Casting: Sticky Flame
Confirm with . or Enter, or press ? or * to list all spells.
The spell is very dangerous to cast!
Continue anyway?
Aiming: Sticky Flame
Press: ? - help, Shift-Dir - straight line You miscast Sticky Flame.
You are very lightly contaminated with residual magic.
Smoke pours from your tentacles! Something hits you. Something shocks you.
You open the door. Something hits you. Something shocks you.
* * * LOW HITPOINT WARNING * * *
2 jackals come into view.
The jackal moves out of view.
There is an open door here.
A jackal comes into view.
The jackal barks!
Something hits you.
* * * LOW HITPOINT WARNING * * *
Something shocks you.
You die...

..............h....#.#.#......#
......#..........#.#.#.###.##.#
#########.##.........#.# #.##.#
#####.....##...##h...#.# #.##.#
....#.######.#..+....#.###.##.#
....'.# #.#.##.h..'.....##.#
....### #.#..#h...#.######.#
....# #.##.#....#.# #.# #####
#.##.@{...#.# #.# #.###.....#.#
#.# #<# #.....#.# #.# ###
##.####.# #.# #.## #.# #.# #..#
#.# #.### #### ##.# #.# #....
...# #.###.# ##### ...# #..##.#


You could see 3 jackals.

Vanquished Creatures
  5 adders
  An ooze (D:2)
  4 worms
  4 dart slugs
  5 orcs (D:3)
  A ball python (D:1)
  A giant cockroach (D:3)
  8 goblins
  6 hobgoblins
  2 jackals (D:3)
  A quokka (D:2)
  8 bats
  7 frilled lizards
  10 kobolds
  9 rats
72 creatures vanquished.

Notes
Turn   | Place    | Note
-------+----------+-------------------------------------------
     0 | D:1      | Lexie the Octopode Fire Elementalist began the quest for the Orb.
     0 | D:1      | Reached XP level 1. HP: 11/11 MP: 3/3
   133 | D:1      | Reached XP level 2. HP: 17/17 MP: 1/5
  1194 | D:2      | Reached XP level 3. HP: 17/21 MP: 1/6
  1881 | D:2      | Reached XP level 4. HP: 27/27 MP: 4/7
  2573 | D:3      | Reached skill level 4 in Fire Magic
  2930 | D:3      | Found a blossoming altar of Fedhas.
  3164 | D:3      | Reached XP level 5. HP: 27/31 MP: 3/9
  3711 | D:3      | Learned a level 2 spell: Throw Flame
  3715 | D:3      | Learned a level 3 spell: Conjure Flame
  3720 | D:3      | Learned a level 4 spell: Sticky Flame
  3803 | D:3      | Noticed a sky beast
  3826 | D:3      | Slain by a sky beast

Vault maps used:
D:1:      lightli_arrival_isolated_outpost
D:3:      lemuel_round_altar

Skill      XL: |  1  2  3  4 |
---------------+-------------+-----
Conjurations   | 2 |  2.9
Fire Magic     | 4 |  4.2
Spellcasting   | 3 |  3.0
Dodging        | |  2.0
Stealth        | |  2.6

Action                   |  1- 3 |  4- 6 || total
-------------------------+-------+-------++-------
Melee: Unarmed           |     4 |       ||     4
       Constrict         |     3 |     4 ||     7
       Dagger            |     3 |    15 ||    18
       Tentacles         |       |     2 ||     2
 Cast: Flame Tongue      |    62 |    76 ||   138
  Eat: Chunk             |     3 |     8 ||    11
Armor: Skin              |     2 |     1 ||     3
Dodge: Dodged            |    16 |    32 ||    48
